 Dungeon Crawl Stone Soup version 0.27-a0-1290-g15d3ce7508 (webtiles) character file.

Game seed: 5439597697670733433

25583 Delamore the Spear-Bearer (level 13, -2/103 HPs)
             Began as a Formicid Fighter on June 15, 2021.
             Was an Initiate of Gozag.
             Slain by a seven-headed hydra (11 damage)
             ... on level 4 of the Lair of Beasts.
             The game lasted 00:14:46 (13893 turns).

Delamore the Spear-Bearer (Formicid Fighter)       Turns: 13893, Time: 00:14:46

Health: -2/103     AC: 19    Str: 33    XL:     13   Next: 51%
Magic:  13/13      EV:  8    Int:  7    God:    Gozag
Gold:   853        SH: 14    Dex: 16    Spells: 12/12 levels left

rFire    + + .     SeeInvis +   o - +3 trident (venom)
rCold    + + .     Faith    .   c - +0 kite shield
rNeg     + . .     Spirit   .   s - +0 plate armour
rPois    +         Reflect  .   (helmet unavailable)
rElec    +         Harm     .   (no cloak)
rCorr    +         Rampage  .   e - +2 pair of gloves
Will     ++...                  C - +0 pair of boots
Stlth    ..........             D - amulet of regeneration
HPRegen  1.27/turn              b - +6 ring of strength
MPRegen  0.13/turn              r - ring of the Worm {rF+ rC+ rN+ Will+ Dex+6}

@: mighty, brilliant, resistant
A: permanent stasis, dig shafts and tunnels, antennae 3, four strong arms
a: Dig, Shaft Self, Renounce Religion, Potion Petition, Call Merchant, Bribe
Branch


You were on level 4 of the Lair of Beasts.
You worshipped Gozag.
Gozag was pleased with you.
You visited 3 branches of the dungeon, and saw 14 of its levels.

You collected 2342 gold pieces.
You spent 134 gold pieces at shops.
You paid 1355 gold pieces to Gozag.

Inventory:

Hand Weapons
 a - a +0 trident
 o - a +3 trident of venom (weapon)
Missiles
 m - 6 boomerangs
 n - 49 poisoned darts (quivered)
 t - a throwing net
Armour
 c - a +0 kite shield (worn)
 e - a +2 pair of gloves (worn)
 s - a +0 plate armour (worn)
 C - a +0 pair of boots (worn)
 F - the +1 ring mail of the Moon {rElec Will+++ rCorr Dex-5}
   (You found it on level 2 of the Lair of Beasts)

   It affects your dexterity (-5).
   It insulates you from electricity.
   It protects you from acid and corrosion.
   It greatly increases your willpower.
Jewellery
 b - a +6 ring of strength (left hand)
 r - the ring of the Worm (right hand) {rF+ rC+ rN+ Will+ Dex+6}
   (You acquired it on level 5 of the Dungeon)

   [ring of dexterity]

   It affects your dexterity (+6).
   It protects you from fire.
   It protects you from cold.
   It protects you from negative energy.
   It increases your willpower.
 D - an amulet of regeneration (around neck)
Wands
 i - a wand of charming (14)
 w - a wand of polymorph (7)
 x - a wand of flame (10)
 y - a wand of acid (1)
 A - a wand of mindburst (25)
 G - a wand of paralysis (6)
Scrolls
 f - 2 scrolls of torment
 j - a scroll of magic mapping
 k - a scroll of silence
 l - a scroll of amnesia
 H - a scroll of fog
Potions
 d - 3 potions of might
 g - a potion of mutation
 h - 6 potions of curing
 p - 2 potions of lignification
 u - a potion of resistance
 v - a potion of invisibility {unknown}
 z - a potion of magic {unknown}
 B - 2 potions of berserk rage


   Skills:
 - Level 10.0 Fighting
 + Level 14.1 Polearms
 + Level 6.3 Throwing
 - Level 10.0 Armour
 + Level 10.3 Shields
 + Level 5.5 Evocations


You had 12 spell levels left.
You didn't know any spells.
Your spell library contained the following spells:

 Spells                   Type           Power      Damage    Failure   Level
 Animate Skeleton         Necr           0%         N/A       96%         1
 Apportation              Tloc           0%         N/A       96%         1
 Corona                   Hex            0%         N/A       96%         1
 Magic Dart               Conj           0%         1d3       96%         1
 Summon Small Mammal      Summ           0%         N/A       96%         1
 Call Imp                 Summ           0%         N/A       99%         2
 Slow                     Hex            0%         N/A       99%         2
 Call Canine Familiar     Summ           0%         N/A       100%        3
 Confusing Touch          Hex            0%         N/A       100%        3
 Conjure Flame            Conj/Fire      0%         6-21      100%        3
 Gell's Gravitas          Tloc           0%         N/A       100%        3
 Mephitic Cloud           Conj/Pois/Air  0%         N/A       100%        3
 Summon Guardian Golem    Hex/Summ       0%         N/A       100%        3
 Petrify                  Tmut/Erth      0%         N/A       100%        4
 Summon Ice Beast         Ice/Summ       0%         N/A       100%        4
 Summon Lightning Spire   Summ/Air       0%         N/A       100%        4
 Metabolic Englaciation   Hex/Ice        0%         N/A       100%        5
 Yara's Violent Unravell  Hex/Tmut       0%         3d3       100%        5
 Blink                    Tloc           Unusable   N/A       N/A         2

Dungeon Overview and Level Annotations

Branches:
Dungeon (9/15)             Temple (1/1) D:6            Lair (4/6) D:9
 Spider (0/4) Lair:2          Orc (0/2) D:9
  Swamp: Lair:2-4    Shoals: Lair:2-4

Altars:
Cheibriados
Dithmenos
Elyvilon
Gozag
Hepliaklqana
Makhleb
Nemelex Xobeh
Okawaru
Qazlal
Sif Muna
Trog
Uskayaw
Wu Jian
Xom
The Shining One
Lugonu

Shops:
D:5 *   Lair:1 (

Portals:
Abyss: Lair:4


Innate Abilities, Weirdness & Mutations

You cannot be hasted, slowed, berserked, paralysed or teleported.
You can dig through walls and to a lower floor.
You have a pair of large antennae on your head. (SInv)
Your four strong arms can wield two-handed weapons with a shield.


Message History

The seven-headed hydra is moderately wounded.
You block the seven-headed hydra's attack.
The seven-headed hydra barely misses you.
The seven-headed hydra bites you. x2
The seven-headed hydra closely misses you.
The seven-headed hydra bites you. The seven-headed hydra bites you!
You puncture the seven-headed hydra!
The seven-headed hydra is heavily wounded.
You hit the seven-headed hydra.
The seven-headed hydra is heavily wounded.
The seven-headed hydra bites you but does no damage.
You block the seven-headed hydra's attack. x4
The seven-headed hydra bites you.
The seven-headed hydra bites you but does no damage.
You hit the seven-headed hydra.
The seven-headed hydra is heavily wounded.
The seven-headed hydra bites you. The seven-headed hydra bites you! x2
* * * LOW HITPOINT WARNING * * *
The seven-headed hydra bites you but does no damage.
You block the seven-headed hydra's attack.
The seven-headed hydra bites you!
* * * LOW HITPOINT WARNING * * *
The seven-headed hydra bites you.
* * * LOW HITPOINT WARNING * * *
There is an open door here.
Okay, then. [a] - 160 gold - might and brilliance [b] - 322 gold - resistance and brilliance [c] - 450 gold - might, brilliance and resistance Purchase which effect?
You no longer have enough gold to fund merchants seeking to open stores in the dungeon.
You feel very mighty all of a sudden.
You feel clever all of a sudden.
You feel protected.
The blink frog blinks!
The seven-headed hydra barely misses you.
You block the seven-headed hydra's attack. x2
The seven-headed hydra bites you but does no damage.
The seven-headed hydra bites you!
You die...
Your body crumbles into a pile of gold.

..#+#.....P# #.#...⌠..⌠.>.⌠.+..<.
...........# ..+............#....
........#.####.#.............#.⌠.
.........###...#####.#..⌠..###.##
................####.......#...##
.........###.§..#.........#.#.#.#
........## ###<++...⌠...####....#
.......{# #.D#.......# #P..##
♣♣♣....## ##.@.....### #....#
♣♣♣.{### ###F..#.# #.#..## {
♣♣..{## ####### ###..# ♣♣....#
#.# .... ♣.....### .... .....
♣♣......## .F... ♣.......$#..>...
{ { ♣♣....##§'......
♣....P#.$......


You could see a seven-headed hydra and a blink frog.

Vanquished Creatures
  Rupert (Lair:3)
  Gastronok (Lair:1)
  3 hydras
  A two-headed ogre (D:9)
  5 elephants (Lair:4)
  6 black mambas
  7 cane toads
  3 komodo dragons
  A rime drake (Lair:4)
  Grinder (D:3)
  2 polar bears
  6 blink frogs
  2 redbacks (Lair:2)
  28 yaks
  Grum (D:8)
  A basilisk (Lair:3)
  A wyvern (D:9)
  A warg (D:9)
  A steam dragon (D:8)
  The ghost of stripedtigrrr the Chiller, an amateur OpIE of Dithmenos (D:3)
  13 water moccasins
  A black bear (D:5)
  A sky beast (D:5)
  3 ice beasts
  4 orc warriors
  2 necrophages
  5 wolves
  2 centaurs
  17 bullfrogs
  A gnoll sergeant (D:9)
  2 scorpions
  2 water moccasin zombies
  2 water moccasin skeletons
  9 killer bees
  6 howler monkeys
  A centaur zombie (D:5)
  2 jellies
  2 centaur skeletons
  A gnoll shaman (D:6)
  2 orc priests
  3 hounds
  3 orc wizards
  A scorpion zombie (D:5)
  A howler monkey skeleton (D:3)
  10 adders
  15 gnolls
  2 white imps
  A worm (D:4)
  3 dart slugs
  35 orcs
  5 ball pythons
  11 endoplasms
  7 giant cockroaches
  7 goblins
  5 hobgoblins
  6 jackals
  5 bats
  4 frilled lizards
  2 jackal skeletons (D:4)
  11 kobolds
  3 rats
291 creatures vanquished.

Vanquished Creatures (others)
  An orc wizard (D:8)
  16 fungi
  2 lurking horrors (Lair:4)
  11 plants
30 creatures vanquished.

Grand Total: 321 creatures vanquished

Notes
Turn   | Place    | Note
-------+----------+-------------------------------------------
     0 | D:1      | Delamore the Formicid Fighter began the quest for the Orb.
     0 | D:1      | Reached XP level 1. HP: 18/18 MP: 1/1
   183 | D:1      | Reached XP level 2. HP: 24/24 MP: 2/2
   223 | D:1      | Found a faded altar of an unknown god.
   357 | D:1      | Reached XP level 3. HP: 30/30 MP: 3/3
   366 | D:1      | Reached skill level 3 in Polearms
  1062 | D:2      | Reached XP level 4. HP: 37/37 MP: 4/4
  1984 | D:3      | Reached skill level 4 in Polearms
  1984 | D:3      | Reached XP level 5. HP: 43/43 MP: 5/5
  1986 | D:3      | Found a burning altar of Makhleb.
  2015 | D:3      | Found a runed translucent gate.
  2015 | D:3      | Found a runed translucent gate.
  2016 | D:3      | Found a runed translucent gate.
  2018 | D:3      | Noticed stripedtigrrr's ghost (amateur OpIE)
  2251 | D:3      | Noticed Grinder
  2267 | D:3      | Killed Grinder
  2268 | D:3      | Reached skill level 5 in Fighting
  2268 | D:3      | Reached skill level 5 in Polearms
  2268 | D:3      | Reached XP level 6. HP: 19/51 MP: 6/6
  2486 | D:3      | Found a glowing golden altar of the Shining One.
  2688 | D:3      | Reached skill level 6 in Polearms
  2688 | D:3      | Reached XP level 7. HP: 51/56 MP: 7/7
  3001 | D:3      | Killed stripedtigrrr's ghost
  3009 | D:3      | Reached skill level 7 in Polearms
  4483 | D:5      | Entered Level 5 of the Dungeon
  4588 | D:5      | Reached XP level 8. HP: 61/62 MP: 8/8
  4613 | D:5      | Reached skill level 8 in Polearms
  4999 | D:5      | Reached skill level 9 in Polearms
  5055 | D:5      | Found Vibes's Assorted Antiques.
  5060 | D:5      | Bought a scroll labelled NAENERORANT for 28 gold pieces
  5060 | D:5      | Bought a scroll labelled DIED QALAEWEVE for 28 gold pieces
  5060 | D:5      | Bought a scroll labelled VURCHI LY USOE for 28 gold pieces
  5060 | D:5      | Bought a fizzy green potion for 25 gold pieces
  5060 | D:5      | Bought an amethyst potion for 25 gold pieces
  5060 | D:5      | Acquired the ring of the Worm {rF+ rC+ rN+ Will+ Dex+6}
  6064 | D:6      | Reached skill level 10 in Polearms
  6064 | D:6      | Reached XP level 9. HP: 68/68 MP: 9/9
  6188 | D:6      | Found a staircase to the Ecumenical Temple.
  6211 | Temple   | Entered the Ecumenical Temple
  6247 | Temple   | Became a worshipper of Gozag Ym Sagoz the Greedy
  6382 | D:6      | Found an ornate altar of the Wu Jian Council.
  6466 | D:6      | Reached skill level 11 in Polearms
  7644 | D:8      | Reached skill level 1 in Throwing
  7831 | D:7      | Reached skill level 12 in Polearms
  7831 | D:7      | Reached XP level 10. HP: 19/74 MP: 10/10
  8543 | D:8      | Noticed Grum
  8553 | D:8      | Killed Grum
  9099 | D:9      | Found a staircase to the Orcish Mines.
  9107 | D:9      | Reached skill level 13 in Polearms
  9150 | D:9      | Reached skill level 5 in Throwing
  9301 | D:9      | Noticed a two-headed ogre
  9347 | D:9      | Killed a two-headed ogre
  9348 | D:9      | Reached XP level 11. HP: 52/79 MP: 11/11
  9423 | D:9      | Reached skill level 14 in Polearms
  9505 | D:9      | Found a staircase to the Lair.
  9649 | D:9      | Found a bloodstained altar of Trog.
  9651 | D:9      | Found a snail-covered altar of Cheibriados.
  9765 | D:9      | Reached skill level 5 in Shields
  9864 | D:9      | Found a white marble altar of Elyvilon.
  9986 | Lair:1   | Entered Level 1 of the Lair of Beasts
  9986 | Lair:1   | Noticed a five-headed hydra
  9998 | Lair:1   | Killed a five-headed hydra
 10044 | Lair:1   | Noticed Gastronok
 10112 | Lair:1   | Killed Gastronok
 10113 | Lair:1   | Reached skill level 5 in Armour
 10282 | Lair:1   | Noticed a five-headed hydra
 10292 | Lair:1   | Killed a five-headed hydra
 10293 | Lair:1   | Reached XP level 12. HP: 68/91 MP: 12/12
 11250 | Lair:2   | Found a hole to the Spider Nest.
 11613 | Lair:2   | Identified the +1 ring mail of the Moon {rElec Will+++
                  | rCorr Dex-5}
 11900 | Lair:2   | Identified the +7 long sword "Iduof" {venom, rElec rC++
                  | rCorr Dex+4}
 12379 | Lair:3   | Noticed an eight-headed hydra
 12709 | Lair:3   | Noticed Rupert
 12741 | Lair:3   | Killed Rupert
 12742 | Lair:3   | Reached skill level 10 in Fighting
 12742 | Lair:3   | Reached skill level 10 in Shields
 12742 | Lair:3   | Reached XP level 13. HP: 55/103 MP: 13/13
 12848 | Lair:3   | Killed an eight-headed hydra
 13296 | Lair:3   | Reached skill level 1 in Evocations
 13377 | Lair:4   | Found a one-way gate to the infinite horrors of the Abyss.
 13378 | Lair:4   | Found a corrupted altar of Lugonu.
 13471 | Lair:4   | Reached skill level 10 in Armour
 13670 | Lair:4   | Reached skill level 5 in Evocations
 13858 | Lair:4   | Noticed a seven-headed hydra
 13893 | Lair:4   | Slain by a seven-headed hydra

Illustrated notes

Levels and vault maps discovered:
D:1:      dpeg_arrival_chambers_temple_mockup, layout_rooms,
          shapermc_ecumenical_altar_flowoftime
D:2:      minmay_angry_zag, layout_basic
D:3:      layout_loops_cross, tso_metal_star, bloody_makhleb,
          gammafunk_ghost_necromancy, uniq_grinder
D:4:      layout_layer_cave
D:5:      layout_layer_cave, serial_shops, shop
D:6:      layout_basic, overflow_temple_1_default, minmay_temple_entry_mist,
          chequers_serial_rivers_micro_c
D:7:      layout_rooms, minmay_door_square
D:8:      layout_basic, uniq_grum
D:9:      layout_gridville, general_overflow_altar,
          chequers_temple_overflow_statue_of_worship, david_lair_shrubbed,
          david_orc_3
Temple:   nicolae_temple_elliptical
Lair:1:   layout_long_grid, minmay_shattered_shrine, grunt_megastairs_4,
          uniq_gastronok
Lair:2:   layout_roguey, spider_nest_entry_a, grunt_megastairs_2
Lair:3:   layout_regular_city, serial_bayou_shore_b, uniq_rupert
Lair:4:   layout_roguey, palyth_hydra_swamp_entry,
          amcnicky_altar_lugonu_corruption, grunt_megastairs_3,
          lemuel_fruit_tree

Skill      XL: |  1  2  3  4  5  6  7  8  9 10 11 12 13 |
---------------+----------------------------------------+-----
Polearms       | 3 4 5 6 7 10 12 13 14 | 14.1
Fighting       | 4 5 7 10 | 10.0
Throwing       | 2 5 6 |  6.3
Shields        | 7 10 | 10.3
Armour         | 6 9 10 | 10.0
Evocations     | 5 |  5.5

Action                   |  1- 3 |  4- 6 |  7- 9 | 10-12 | 13-15 || total
-------------------------+-------+-------+-------+-------+-------++-------
Melee: Trident           |    80 |   115 |   360 |   566 |   175 ||  1296
Throw: Dart              |       |       |    28 |    39 |     4 ||    71
Invok: Potion Petition   |       |       |       |     1 |     1 ||     2
       Call Merchant     |       |       |       |     1 |       ||     1
 Abil: Dig               |       |     2 |     4 |    14 |       ||    20
Evoke: Wand              |       |       |       |     7 |     1 ||     8
  Use: Scroll            |     1 |     3 |    11 |     3 |     3 ||    21
       Potion            |       |       |       |     2 |       ||     2
 Stab: Distracted        |       |       |     1 |     4 |       ||     5
Armor: Scale mail        |    29 |     9 |       |       |       ||    38
       Chain mail        |       |    33 |   127 |    14 |       ||   174
       Plate armour      |       |       |       |   137 |    54 ||   191
Dodge: Dodged            |    31 |    14 |    71 |    78 |    42 ||   236
Block: Kite shield       |    45 |    43 |   143 |   207 |    89 ||   527

Table legend: (Time is in decaauts)
 A = Elapsed time spent in this place.
 B = Non-inter-level travel time spent in this place.
 C = Inter-level travel time spent in this place.
 D = Time resting spent in this place.
 E = Time spent auto-exploring this place.
 F = Levels seen in this place.
 G = Mean time per level.
                   A        B        C        D        E       F      G
               +--------+--------+--------+--------+--------+-----+--------+
         Total |  13739 |  13290 |    449 |   1376 |   9640 |  14 |  981.4 |
       Dungeon |   9968 |   9664 |    304 |   1127 |   6923 |   9 | 1107.6 |
        Temple |     58 |     37 |     21 |      0 |     30 |   1 |   58.0 |
          Lair |   3712 |   3588 |    124 |    248 |   2686 |   4 |  928.0 |
               +--------+--------+--------+--------+--------+-----+--------+

Top non-repeatable levels by time:
     D:5: 1371 daAuts
     D:4: 1313 daAuts
     D:7: 1310 daAuts
     D:3: 1285 daAuts
  Lair:1: 1176 daAuts
     D:2: 1105 daAuts
  Lair:2: 1026 daAuts
  Lair:3: 999 daAuts
     D:8: 920 daAuts
     D:9: 904 daAuts
     D:6: 898 daAuts
     D:1: 858 daAuts
  Lair:4: 510 daAuts
  Temple: 58 daAuts
